 Dungeon Sprint DCSS version 0.24-a0-809-g71cb82dfb8 (webtiles) character file.

Game seed: 13639860657020800974, levelgen mode: deterministic

1530 MisterOstroum the Spear-Bearer (level 8, -2/74 (75) HPs)
             Began as a Merfolk Artificer on Oct 11, 2019.
             Was a Follower of Okawaru.
             Engulfed by a death drake's foul pestilence (5 damage)
             ... in the Dungeon (Sprint II: "The Violet Keep of Menkaure").
             The game lasted 00:09:05 (1422 turns).

MisterOstroum the Spear-Bearer (Merfolk Artificer)  Turns: 1422, Time: 00:09:06

HP:   -2/74 (75)    AC:  5    Str: 13    XL:     8   Next: 85%
MP:   12/14         EV: 27    Int: 11    God:    Okawaru [*.....]
Gold: 711           SH: 12    Dex: 15    Spells: 7/7 levels left

rFire    . . .     SeeInvis .   m - +0 spear
rCold    . . .     Gourm    .   k - +0 shield
rNeg     . . .     Faith    .   b - +0 leather armour
rPois    .         Spirit   .   n - +1 helmet
rElec    .         Reflect  .   (no cloak)
rCorr    .         Harm     .   (no gloves)
MR       .....     NoTele   +   (boots currently unavailable)
Stlth    ++++......             (no amulet)
HPRegen  0.22/turn              (no ring)
MPRegen  0.14/turn              (no ring)

@: lethally poisoned (-2 -> -16), heroism, slowed, quick
A: change form in water, swift swim, stealthy swim
a: Heroism, Renounce Religion


You were in the Dungeon.
You worshipped Okawaru.
Okawaru was aware of your devotion.
You were hungry.

You visited 1 branch You collected 810 gold pieces.
You spent 99 gold pieces at shops.

Inventory:

Hand Weapons
 a - a +0 short sword
 m - a +0 spear (weapon)
Armour
 b - a +0 leather armour (worn)
 k - a +0 shield (worn)
 n - a +1 helmet (worn)
Wands
 c - a wand of flame (3)
 d - a wand of enslavement (8)
 f - a wand of random effects (8)
Scrolls
 l - a scroll of blinking {@r4}
Potions
 i - a potion of haste {@q4 !q}
 j - 2 potions of magic
Comestibles
 e - a ration


   Skills:
 + Level 11.2(16.2) Fighting
 - Level 1.2(6.2) Short Blades
 - Level 12.3(17.3) Polearms
 - Level 10.9(15.9) Dodging
 - Level 1.1(6.1) Stealth
 + Level 6.1(11.1) Shields
 + Level 2.6 Invocations
 - Level 9.1 Evocations


You had 7 spell levels left.
You didn't know any spells.
Your spell library was empty.

Dungeon Overview and Level Annotations

Branches:
Dungeon (1/1)

Altars:
Cheibriados
Dithmenos
Elyvilon
Fedhas
Gozag
Hepliaklqana
Kikubaaqudgha
Makhleb
Nemelex Xobeh
Okawaru
Qazlal
Ru
Sif Muna
Trog
Uskayaw
Vehumet
Wu Jian
Xom
Yredelemnul
Zin
The Shining One
Beogh
Jiyva
Lugonu

Shops:
D ?}:=((?[=:!%[(%!

Annotations:
D exclusions: 2 doors, ice statue, kobold demonologist, obsidian statue, oklob plant and skeletal warrior, Kirke


Message History

The polar bear seems to slow down.
The polar bear is engulfed in dark miasma.
The polar bear looks even sicker.
The polar bear dies!
Okawaru is honoured by your kill.
You can now gain great but temporary skills.
Your Invocations skill increases to level 2!
Unknown command.
What are your orders? t - Shout!
Orders for allies: a - Attack new target. r - Retreat! s - Stop attacking. g - Guard the area. f - Follow me.
Anything else - Cancel.
Retreat in which direction?
Press: ? - help, Dir - move target cursor Fall back!
A crystal guardian comes into view.
Your death drake is engulfed in a cloud of scalding steam.
You close the door.
You feel yourself speed up.
The crystal guardian hits your death drake but does no damage.
What are your orders? t - Shout!
Orders for allies: a - Attack new target. r - Retreat! s - Stop attacking. g - Guard the area. f - Follow me.
Anything else - Cancel.
Gang up on whom?
Press: ? - help, Dir - move target cursor, f - you
Okay, then.
Unknown command.
You open the door.
The crystal guardian barely misses your death drake.
The crystal guardian hits your death drake!
There is an open door here.
What are your orders? t - Shout!
Orders for allies: a - Attack new target. r - Retreat! s - Stop attacking. g - Guard the area. f - Follow me.
Anything else - Cancel.
Gang up on whom?
Press: ? - help, Dir - move target cursor, f - crystal guardian
Aim: a crystal guardian Attack!
Your death drake bites the crystal guardian but does no damage.
The crystal guardian misses your death drake.
Your legs become a tail as you enter the water.
Your death drake bites the crystal guardian but does no damage.
Your death drake bites the crystal guardian!
The crystal guardian hits your death drake!!
Your death drake bites the crystal guardian but does no damage.
You gain the combat prowess of a mighty hero.
The crystal guardian completely misses your death drake.
Your death drake bites the crystal guardian but does no damage.
Really walk into a travel-excluded area?
Okay, then.
Really walk into a travel-excluded area?
The crystal guardian barely misses your death drake.
Your death drake bites the crystal guardian.
A death drake comes into view.
Found a swamp drake skeleton.
Attack whom?
Press: ? - help, Dir - move target cursor, f/p - crystal guardian
Aim: a crystal guardian (lightly damaged)
You reach to attack!
You hit the crystal guardian.
The crystal guardian is moderately damaged.
The crystal guardian hits your death drake!!
Your death drake bites the crystal guardian but does no damage.
Attack whom?
Press: ? - help, Dir - move target cursor, f/p - crystal guardian
Aim: a crystal guardian (moderately damaged)
You could not reach far enough!
Your death drake bites the crystal guardian but does no damage.
Attack whom?
Press: ? - help, Dir - move target cursor, f/p - crystal guardian
Aim: a crystal guardian (moderately damaged)
You could not reach far enough!
The crystal guardian fires a crystalline bolt at you.
The crystal bolt freezes your death drake!!
Your death drake dies!
Your base Shields skill increases to level 6!
The crystal bolt freezes you!!
* * * LOW HITPOINT WARNING * * *
Really quaff
h - a potion of heal wounds {@q2 !q}?
You feel much better.
The death drake fails to trigger a net trap.
The crystal guardian fires a crystalline bolt at you.
The crystal bolt burns you!!
* * * LOW HITPOINT WARNING * * *
You hear a sizzling sound!
The death drake breathes miasma at you. The foul vapour misses you.
Your legs become a tail as you enter the water.
You are engulfed in dark miasma.
You are lethally poisoned!
You feel your flesh rotting away!
You feel yourself slow down.
You die...

#'##..# #. ÷ #.###.#### +.##.
.#..#....# .^.# .#.####..##
#..# .#▓%$(!!%[[▓▓ #'###.##..#
+k.# .#▓($?$!%(!▓▓ #.##...#..#
#^8# .#▓%$$%)$!?▓
.<.'.#.+..####○○##○#▓![!$$[$!
#.##...#....###○°○##▓▓▓▓▓▓▓+▓▓
#+###.##......≈○@○○≈≈≈≈≈≈≈≈..
w#.####≈≈.....≈#○########+###
.#w.#≈§≈≈≈≈≈.§≈#..._._._#t§§##
$#.##≈≈≈≈≈≈§≈.≈#_._._._.#t§§≈#
#+##≈≈≈≈≈≈≈§§≈≈#._._._._#§§≈§≈
≈≈≈≈≈≈≈≈≈≈§§≈≈≈#_._._._.#≈§≈§
+#+++#≈≈≈≈≈≈≈≈§#._._._..#≈§≈§§
..°. ##≈≈§###§§#_._._...#≈≈§§§
.°.°°°##§§#
#≈§#._._....#≈≈§≈≈§


You could see a death drake and a crystal guardian.

Vanquished Creatures
  A merfolk siren (D)
  A yaktaur (D)
  A blink frog (D)
  A hippogriff (D)
  Menkaure (D)
  4 worker ants (D)
9 creatures vanquished.

Vanquished Creatures (collateral kills)
  A hornet (D)
  A polar bear (D)
  2 swamp drakes (D)
4 creatures vanquished.

Vanquished Creatures (others)
  A death drake (D)
  2 polar bears (D)
  A hippogriff (D)
  A crocodile (D)
5 creatures vanquished.

Grand Total: 18 creatures vanquished

Notes
Turn   | Place    | Note
-------+----------+-------------------------------------------
     0 | D        | MisterOstroum the Merfolk Artificer began the quest for the
                  | Orb.
     0 | D        | Reached XP level 1. HP: 15/15 MP: 3/3
     1 | D        | Noticed a merfolk siren
    15 | D        | Killed a merfolk siren
    15 | D        | Reached skill level 10 in Dodging
    15 | D        | Reached XP level 2. HP: 33/33 MP: 4/7
    15 | D        | Reached XP level 3. HP: 38/38 MP: 4/8
    15 | D        | Reached XP level 4. HP: 45/45 MP: 5/10
    15 | D        | Reached XP level 5. HP: 51/51 MP: 5/11
    15 | D        | Reached XP level 6. HP: 57/57 MP: 5/12
    69 | D        | Noticed a tyrant leech
    69 | D        | Noticed a tyrant leech
    79 | D        | Found a glowing golden altar of the Shining One.
    79 | D        | Found an ornate altar of the Wu Jian Council.
    81 | D        | Found a stormy altar of Qazlal.
    88 | D        | Noticed an ice statue
   116 | D        | Found Nupoid's Food Emporium.
   117 | D        | Found Xanupim's Book Emporium.
   117 | D        | Found Ashreobri's Jewellery Shoppe.
   150 | D        | Found Nedghuram's Antique Armour Shoppe.
   150 | D        | Found Cateci's Distillery.
   150 | D        | Found Jyttoopt's Distillery.
   151 | D        | Found Gisetiyc's Magic Scroll Shoppe.
   151 | D        | Found Ridiv's Weapon Emporium.
   151 | D        | Found Impuvax's Weapon Emporium.
   151 | D        | Found Cantit's Antique Armour Shoppe.
   152 | D        | Found Kokloof's Food Shoppe.
   154 | D        | Found Bofeusue's Antique Weapon Emporium.
   154 | D        | Found Dippaol's Jewellery Shoppe.
   154 | D        | Noticed Menkaure
   154 | D        | Noticed a great orb of eyes
   154 | D        | Noticed an oklob plant
   155 | D        | Found Niblen's Gadget Shoppe.
   155 | D        | Found Regirr's Magic Scroll Emporium.
   155 | D        | Found Pupnasal's Book Shoppe.
   155 | D        | Noticed a wyvern
   156 | D        | Noticed a wyvern
   169 | D        | Killed Menkaure
   169 | D        | Reached skill level 5 in Polearms
   169 | D        | Reached XP level 7. HP: 64/64 MP: 13/13
   184 | D        | Bought a shield for 99 gold pieces
   195 | D        | Noticed a shining eye
   197 | D        | Noticed a shining eye
   213 | D        | Noticed a hippogriff
   213 | D        | Noticed a hippogriff
   351 | D        | Killed a hippogriff
   370 | D        | Killed a hippogriff
   370 | D        | Reached skill level 8 in Polearms
   671 | D        | Reached skill level 9 in Polearms
   916 | D        | Noticed an obsidian statue
   923 | D        | Noticed Kirke
   923 | D        | Noticed a skeletal warrior
   923 | D        | Noticed a kobold demonologist
   941 | D        | Noticed a blink frog
   960 | D        | Killed a blink frog
   960 | D        | Reached skill level 10 in Fighting
   960 | D        | Reached skill level 10 in Polearms
   960 | D        | Reached XP level 8. HP: 58/73 MP: 14/14
  1103 | D        | Found a shimmering altar of Xom.
  1103 | D        | Found a sacrificial altar of Ru.
  1103 | D        | Found a hazy altar of Hepliaklqana.
  1104 | D        | Found a basalt altar of Yredelemnul.
  1104 | D        | Found a shimmering blue altar of Sif Muna.
  1104 | D        | Found a viscous altar of Jiyva.
  1104 | D        | Found a roughly hewn altar of Beogh.
  1105 | D        | Found a bloodstained altar of Trog.
  1105 | D        | Found a glowing silver altar of Zin.
  1105 | D        | Found an ancient bone altar of Kikubaaqudgha.
  1105 | D        | Found a snail-covered altar of Cheibriados.
  1106 | D        | Found a corrupted altar of Lugonu.
  1106 | D        | Found a hide-covered altar of Uskayaw.
  1106 | D        | Found a shadowy altar of Dithmenos.
  1106 | D        | Noticed a polar bear
  1107 | D        | Found a burning altar of Makhleb.
  1107 | D        | Found a radiant altar of Vehumet.
  1107 | D        | Found a white marble altar of Elyvilon.
  1108 | D        | Noticed a polar bear
  1110 | D        | Noticed a hornet
  1113 | D        | Noticed a yaktaur
  1121 | D        | Noticed a polar bear
  1133 | D        | Killed a yaktaur
  1133 | D        | Reached skill level 11 in Polearms
  1140 | D        | Killed a hornet
  1140 | D        | Reached skill level 12 in Polearms
  1140 | D        | Reached skill level 5 in Shields
  1142 | D        | Found a sparkling altar of Nemelex Xobeh.
  1142 | D        | Found a blossoming altar of Fedhas.
  1144 | D        | Found an iron altar of Okawaru.
  1144 | D        | Found an opulent altar of Gozag.
  1163 | D        | Became a worshipper of Warmaster Okawaru
  1202 | D        | Reached skill level 1 in Invocations
  1212 | D        | Noticed a death drake
  1405 | D        | Killed a polar bear
  1405 | D        | Reached * piety under Okawaru
  1408 | D        | Noticed a crystal guardian
  1416 | D        | Noticed a death drake
  1420 | D        | HP: 3/75 [crystal guardian/crystal bolt (33)]
  1422 | D        | Engulfed by a death drake's foul pestilence

Levels and vault maps discovered:
D:        the_violet_keep_of_menkaure [sprint2_stairs_cluster_1,
          sprint2_shoproom, sprint2_temple, sprint2_basic_supplies,
          sprint2_obstacle_2, sprint2_obstacle_4, sprint2_obstacle_3,
          sprint2_obstacle_5, sprint2_obstacle_7, sprint2_timed_cluster_1,
          sprint2_smallroom_cluster_1, sprint2_smallroom_final_cluster_1,
          sprint2_transparent_cluster_1, sprint2_second_timed_cluster_1,
          sprint2_sniper_area_1, sprint2_heavy_combat_area_1,
          sprint2_mutation_trap_area_1, sprint2_forest_area_1,
          sprint2_light_combat_area_1, sprint2_behind_water_1,
          sprint2_near_end_vault_1]

Skill      XL: |  1  2  3  4  5  6  7  8 |
---------------+-------------------------+-----
Fighting       | 8 9 10 11 | 11.2
Dodging        | 10 | 10.9
Evocations     | 8 9 |  9.1
Polearms       | 5 10 12 | 12.3
Shields        | 4 6 |  6.1
Invocations    | 2 |  2.6
Short Blades   | |  1.2
Stealth        | |  1.1

Action                   |  1- 3 |  4- 6 |  7- 9 || total
-------------------------+-------+-------+-------++-------
Melee: Short sword       |     9 |       |       ||     9
       Spear             |       |     5 |    92 ||    97
       Tailslap          |       |       |     8 ||     8
Invok: Heroism           |       |       |     1 ||     1
Evoke: Wand              |     3 |       |    23 ||    26
  Use: Potion            |       |     1 |     2 ||     3
 Stab: Paralysed         |     9 |       |       ||     9
       Sleeping          |       |       |     1 ||     1
       Distracted        |       |       |     1 ||     1
  Eat: Chunk             |       |       |     1 ||     1
Armor: Leather armour    |       |       |     4 ||     4
Dodge: Dodged            |       |     1 |    56 ||    57
Block: Shield            |       |       |    29 ||    29

Table legend:
 A = Non-vault XP
 B = Vault XP
 C = Vault XP percentage of total XP
 D = Non-vault monster count
 E = Vault monster count
 F = Vault count percentage of total count
                 A         B        C        D         E       F
            +---------+---------+-------+---------+---------+-------
      Total |       0 |    2186 | 100.0 |       0 |      14 | 100.0
            +---------+---------+-------+---------+---------+-------
          D |       0 |    2186 | 100.0 |       0 |      14 | 100.0
            +---------+---------+-------+---------+---------+-------
